 Dungeon Crawl Stone Soup version 0.27.1-34-g3ba077fa99 (webtiles) character file.

Game seed: 3802288100253152886

140 Descartes the Grasshopper (level 5, 0/38 HPs)
             Began as a Formicid Warper on Jan 25, 2022.
             Was a Believer of Lugonu.
             Slain by an iguana (1 damage)
             ... on level 6 of the Dungeon.
             The game lasted 00:03:26 (2859 turns).

Descartes the Grasshopper (Formicid Warper)         Turns: 2859, Time: 00:03:27

Health: 0/38       AC:  2    Str: 16    XL:     5   Next: 47%
Magic:  8/8        EV: 11    Int: 13    God:    Lugonu [**....]
Gold:   86         SH:  0    Dex: 10    Spells: 8/8 levels left

rFire    . . .     SeeInvis +   n - +1 short sword (venom)
rCold    . . .     Faith    .   (no shield)
rNeg     . . .     Spirit   .   o - +2 leather armour {rPois}
rPois    +         Reflect  .   (helmet unavailable)
rElec    .         Harm     .   (no cloak)
rCorr    .         Rampage  .   (no gloves)
Will     .....                  e - +0 pair of boots
Stlth    +.........             (no amulet)
HPRegen  0.12/turn              (no ring)
MPRegen  0.11/turn              (no ring)

@: corroded
A: permanent stasis, dig shafts and tunnels, antennae 3, four strong arms
a: Dig, Shaft Self, Renounce Religion, Depart the Abyss, Bend Space


You were on level 6 of the Dungeon.
You worshipped Lugonu.
Lugonu was pleased with you.
You visited 1 branch of the dungeon, and saw 4 of its levels.

You collected 86 gold pieces.

Inventory:

Hand Weapons
 a - a +0 falchion
 n - a +1 short sword of venom (weapon)
Missiles
 c - 5 boomerangs of dispersal (quivered)
 k - 54 stones
 q - 16 poisoned darts
Armour
 b - a +0 leather armour
 e - a +0 pair of boots (worn)
 g - a +0 scale mail
 o - a +2 leather armour of poison resistance (worn)
Scrolls
 f - a scroll of amnesia {unknown}
 h - a scroll of teleportation {unknown}
 r - a scroll of torment {unknown}
Potions
 d - a potion of resistance {unknown}
 i - 2 potions of might {unknown}
 j - a potion of brilliance {unknown}
 l - 2 potions of curing {unknown}
 m - 2 potions of heal wounds {unknown}
 p - 2 potions of flight {unknown}
 s - a potion of cancellation {unknown}


   Skills:
 - Level 2.1 Fighting
 - Level 2.0 Long Blades
 - Level 1.0 Throwing
 + Level 3.8 Armour
 - Level 1.7 Dodging
 - Level 2.1 Spellcasting
 + Level 4.1 Translocations


You had 8 spell levels left.
You didn't know any spells.
Your spell library contained the following spells:

 Spells                   Type           Power      Damage    Failure   Level
 Gell's Gravitas          Tloc           6%         N/A       16%         3
 Lesser Beckoning         Tloc           6%         N/A       16%         3
 Teleport Other           Tloc           12%        N/A       16%         3
 Slow                     Hex            1%         N/A       41%         2
 Static Discharge         Conj/Air       1%         N/A       41%         2
 Confusing Touch          Hex            1%         N/A       65%         3
 Manifold Assault         Tloc           12%        N/A       83%         5
 Lightning Bolt           Conj/Air       0%         1d11      100%        5
 Yara's Violent Unravell  Hex/Tmut       0%         3d3       100%        5
 Borgnjor's Revivificati  Necr           0%         N/A       100%        8
 Maxwell's Capacitive Co  Air            0%         ∞         100%        8
 Necromutation            Tmut/Necr      0%         N/A       100%        8
 Death's Door             Necr           0%         N/A       100%        9
 Blink                    Tloc           Unusable   N/A       N/A         2

Dungeon Overview and Level Annotations

Branches:
Dungeon (3/15)

Altars:
Lugonu


Innate Abilities, Weirdness & Mutations

You cannot be hasted, slowed, berserked, paralysed or teleported.
You can dig through walls and to a lower floor.
You have a pair of large antennae on your head. (SInv)
Your four strong arms can wield two-handed weapons with a shield.


Message History

You hit the jelly. The acid corrodes you!
Your hands burn!
The jelly is moderately wounded.
The iguana bites you. The jelly hits you.
You are splashed with acid!
You are too injured to fight recklessly!
You are too injured to fight recklessly!
You are too injured to fight recklessly!
You are too injured to fight recklessly!
You are too injured to fight recklessly!
You are too injured to fight recklessly!
You are too injured to fight recklessly!
You are too injured to fight recklessly!
You are too injured to fight recklessly!
You are too injured to fight recklessly!
You are too injured to fight recklessly!
You are too injured to fight recklessly!
You are too injured to fight recklessly!
You are too injured to fight recklessly!
You are too injured to fight recklessly!
You are too injured to fight recklessly!
You are too injured to fight recklessly!
Unknown command.
The iguana barely misses you. The iguana bites you!
* * * LOW HITPOINT WARNING * * *
The iguana closely misses you.
The jelly jiggles.
You barely miss the iguana. The iguana closely misses you.
You hit the iguana but do no damage.
The iguana is poisoned.
The iguana completely misses you.
You hit the iguana but do no damage.
The iguana looks as sick as possible!
The iguana is lightly wounded.
The iguana bites you.
* * * LOW HITPOINT WARNING * * *
You hit the iguana.
The iguana looks as sick as possible!
The iguana is moderately wounded.
The iguana barely misses you.
You closely miss the iguana.
The iguana is moderately wounded.
The iguana bites you.
You die...

###########
#.........#
#.#####.#.#
#@#####.# #
#####l##....#
#....J...####
#.###..#....#
#..###..#
#..# ..# #..#
... ...# #.##
{ .##.# .#


You could see an iguana (extremely poisoned) and a jelly.

Vanquished Creatures
  A hound (D:2)
  4 adders
  An adder zombie (D:3)
  4 adder skeletons (D:3)
  A dart slug (D:2)
  An orc (D:3)
  6 endoplasms
  A giant cockroach (D:2)
  7 hobgoblins
  2 quokkas
  3 ball pythons
  2 ball python skeletons (D:3)
  2 ball python zombies (D:3)
  7 bats
  2 frilled lizards
  6 goblins
  7 kobolds
  A quokka skeleton (D:3)
  A quokka zombie (D:3)
  A rat (D:2)
60 creatures vanquished.

Notes
Turn   | Place    | Note
-------+----------+-------------------------------------------
     0 | D:1      | Descartes the Formicid Warper began the quest for the Orb.
     0 | D:1      | Reached XP level 1. HP: 16/16 MP: 3/3
    61 | D:1      | Reached XP level 2. HP: 7/22 MP: 5/5
   385 | D:1      | Reached skill level 3 in Translocations
   994 | D:2      | Reached XP level 3. HP: 22/27 MP: 6/6
  1147 | D:2      | HP: 1/27 [poisoned by a kobold]
  1724 | D:2      | Reached XP level 4. HP: 30/33 MP: 7/7
  1901 | D:2      | Found a faded altar of an unknown god.
  2179 | D:2      | Became a worshipper of Lugonu the Unformed
  2179 | D:2      | Reached * piety under Lugonu
  2179 | D:2      | Reached ** piety under Lugonu
  2199 | D:3      | Reached XP level 5. HP: 35/38 MP: 8/8
  2316 | D:3      | Reached skill level 4 in Translocations
  2836 | D:3      | You fall into a shaft and drop 3 floors!
  2857 | D:6      | HP: 1/38 [iguana (5)]
  2859 | D:6      | Slain by an iguana

Illustrated notes

Levels and vault maps discovered:
D:1:      dpeg_arrival_long_road, layout_loops_cross, minmay_pentomino_q2
D:2:      layout_basic, ebering_ecumenical_altar_rust
D:3:      layout_loops_cross, serial_undead, serial_undead_d, serial_undead_c,
          serial_undead_c, serial_undead_b, serial_undead_a, serial_undead_a,
          serial_undead_d, serial_park_tiny_1
D:6:      layout_loops_ring, minmay_temple_entry_sparse_star, serial_shops,
          nicolae_shop_crystal

Skill      XL: |  1  2  3  4  5 |
---------------+----------------+-----
Translocations | 3 4 |  4.1
Armour         | 2 3 |  3.8
Fighting       | |  2.1
Long Blades    | |  2.0
Throwing       | |  1.0
Dodging        | |  1.7
Spellcasting   | |  2.1

Action                   |  1- 3 |  4- 6 || total
-------------------------+-------+-------++-------
Melee: Falchion          |    73 |       ||    73
       Short sword       |    21 |   116 ||   137
 Abil: Dig               |     1 |       ||     1
Armor: Leather armour    |     9 |    55 ||    64
       Scale mail        |    41 |       ||    41
Dodge: Dodged            |    53 |    75 ||   128
       Rpst.: Falchion   |     7 |       ||     7
